 Dungeon Crawl Stone Soup version 0.21-a0-496-g696f58f537 (webtiles) character file.

33 Kaname the Stinger (level 3, 0/24 HPs)
             Began as a Demonspawn Venom Mage on Nov 24, 2017.
             Slain by a worm (13 damage)
             ... on level 3 of the Dungeon.
             The game lasted 00:04:52 (1979 turns).

Kaname the Stinger (Demonspawn Venom Mage)          Turns: 1979, Time: 00:04:52

Health: 0/24       AC:  3    Str:  8    XL:     3   Next: 12%
Magic:  3/6        EV: 12    Int: 17    God:
Gold:   72         SH:  0    Dex: 13    Spells: 0/6 levels left

rFire    . . .     SeeInvis .   q - +0 quarterstaff
rCold    . . .     Gourm    .   (shield currently unavailable)
rNeg     + . .     Faith    .   a - +0 robe
rPois    .         Spirit   .   u - +0 helmet
rElec    .         Reflect  .   (no cloak)
rCorr    .         Harm     +   (no gloves)
MR       +....                  (no boots)
Stlth    ++........             s - amulet of harm
HPRegen  0.08/turn              t - ring of protection from magic
MPRegen  0.10/turn              g - ring of positive energy

@: very slightly contaminated
A: claws 1
a: no special abilities


You were on level 3 of the Dungeon.
You were not hungry.

You visited 1 branch of the dungeon, and saw 3 of its levels.

You collected 72 gold pieces.

Inventory:

Hand Weapons
 q - a +0 quarterstaff (weapon)
Armour
 a - a +0 robe (worn)
 u - a +0 helmet (worn)
Jewellery
 g - a ring of positive energy (right claw)
 s - an amulet of harm (around neck)
 t - a ring of protection from magic (left claw)
Scrolls
 h - a scroll of magic mapping {unknown}
 i - a scroll of random uselessness {unknown}
 p - 3 scrolls of immolation
 r - 2 scrolls of teleportation
 v - a scroll of amnesia {unknown}
Potions
 d - 2 potions of curing {unknown}
 e - 2 potions of flight {unknown}
 f - a potion of ambrosia {unknown}
 l - a potion of heal wounds {unknown}
 m - a potion of degeneration {unknown}
 o - a potion of agility {unknown}
 w - 2 potions of might {unknown}
Books
 b - a Young Poisoner's Handbook

   Spells                             Type                      Level
   a - Sting                          Conjuration/Poison           1
   b - Poisonous Vapours              Poison/Air                   2
   c - Mephitic Cloud                 Conjuration/Poison/Air       3
   d - Olgreb's Toxic Radiance        Poison                       4
   e - Venom Bolt                     Conjuration/Poison           5
Comestibles
 c - 2 bread rations
 n - 5 royal jellies


   Skills:
 - Level 1.7 Dodging
 - Level 1.7 Stealth
 - Level 2.0 Spellcasting
 - Level 1.0 Conjurations
 + Level 0.8 Air Magic
 * Level 4.1 Poison Magic


You couldn't memorise any spells.
You knew the following spells:

 Your Spells              Type           Power        Failure   Level  Hunger
a - Sting                 Conj/Pois      ##..         7%          1    #......
b - Poisonous Vapours     Pois/Air       ##....       11%         2    ###....
c - Mephitic Cloud        Conj/Pois/Air  #.......     26%         3    ###....


Dungeon Overview and Level Annotations

Branches:
Dungeon (3/15)

Altars:


Innate Abilities, Weirdness & Mutations

You have sharp fingernails.


Message History

Aiming: Sting
Press: ? - help, Shift-Dir - straight line, f/p - worm
Aim: a worm (moderately wounded, poisoned)
The sting hits the worm.
The worm looks even sicker.
The worm is heavily wounded.
You barely miss the goblin. The goblin barely misses you.
The goblin hits you with a dagger.
You closely miss the goblin. The goblin hits you but does no damage.
You hit the goblin.
You kill the goblin!
You hit the worm.
The worm is severely wounded.
You barely miss the worm.
The worm is severely wounded.
The worm bites you!
You hit the worm but do no damage.
The worm is severely wounded.
The worm bites you!
Ouch! That really hurt!
You die...

....w..g#
#.........#
#.........#
#.........#
###........<#
...........#
#.........#
#...w.....#
##@.#####
#..## # #.##
#. ##.#
#.##..#
##....## #
##....## .###
#..##..###
###.... #.#
##...####


You could see a worm.

Vanquished Creatures
  A worm (D:2)
  A leopard gecko (D:2)
  4 bats
  3 giant cockroaches
  4 goblins
  2 hobgoblins (D:2)
  2 frilled lizards
  7 kobolds
  6 rats
30 creatures vanquished.

Notes
Turn   | Place    | Note
-------+----------+-------------------------------------------
     0 | D:1      | Kaname the Demonspawn Venom Mage began the quest for the Orb.
     0 | D:1      | Reached XP level 1. HP: 13/13 MP: 3/3
   685 | D:1      | Gained mutation: You have sharp fingernails. [demonic ancestry]
   685 | D:1      | Reached XP level 2. HP: 18/19 MP: 3/5
   689 | D:1      | Learned a level 2 spell: Poisonous Vapours
  1644 | D:2      | Reached skill level 4 in Poison Magic
  1700 | D:2      | Reached XP level 3. HP: 24/24 MP: 6/6
  1705 | D:2      | Learned a level 3 spell: Mephitic Cloud
  1801 | D:2      | Found a faded altar of an unknown god.
  1979 | D:3      | Slain by a worm

Vault maps used:
D:1:      minmay_arrival_open_corners
D:2:      first_bread, chequers_ecumenical_altar_simple
D:3:      okawaru_gym_becter, nicolae_overflow_crystal_walls

Skill      XL: |  1  2 |
---------------+-------+-----
Poison Magic   | 4 |  4.1
Dodging        | |  1.7
Stealth        | |  1.7
Spellcasting   | |  2.0
Conjurations   | |  1.0
Air Magic      | |  0.8

Action                   || total
-------------------------++-------
Melee: Short sword       ||    38
       Whip              ||     6
       Unarmed           ||     1
       Quarterstaff      ||    39
 Cast: Sting             ||    26
       Poisonous Vapours ||     5
  Use: Scroll            ||     4
 Stab: Sleeping          ||     1
  Eat: Chunk             ||     4
Armor: Robe              ||    33
Dodge: Dodged            ||    68

Table legend:
 A = Spawn XP
 B = Non-spawn XP
 C = Spawn XP percentage of total XP
 D = Spawn monster count
 E = Non-spawn monster count
 F = Spawn count percentage of total count
 G = Total turns spent on level
                    A         B        C        D         E        F      G
               +---------+---------+-------+---------+---------+-------+---------
         Total |       0 |      48 |   0.0 |       0 |      30 |   0.0 |  1979
               +---------+---------+-------+---------+---------+-------+---------
           D:1 |       0 |      15 |   0.0 |       0 |      11 |   0.0 |   858
           D:2 |       0 |      27 |   0.0 |       0 |      15 |   0.0 |   984
           D:3 |       0 |       6 |   0.0 |       0 |       4 |   0.0 |   137
               +---------+---------+-------+---------+---------+-------+---------
